 Dungeon Crawl Stone Soup version 0.23-a0-641-g0a7f1ce553 (webtiles) character file.

6552 HereIgoKillingAgain the Cleaver (level 10, -1/115 HPs)
             Began as a Demonspawn Fighter on Dec 30, 2018.
             Was a Believer of Makhleb.
             Slain by a lindwurm (7 damage)
             ... on level 9 of the Dungeon.
             The game lasted 00:10:16 (9938 turns).

HereIgoKillingAgain the Cleaver (DsFi)              Turns: 9938, Time: 00:10:17

Health: -1/115     AC:  8    Str: 22    XL:     10   Next: 70%
Magic:  15/15      EV: 14    Int: 13    God:    Makhleb [**....]
Gold:   265        SH:  0    Dex: 12    Spells: 9/9 levels left

rFire    + + .     SeeInvis .   l - +5 mace
rCold    + + .     Gourm    .   (no shield)
rNeg     . . .     Faith    .   b - +0 scale mail
rPois    +         Spirit   .   (helmet restricted)
rElec    +         Reflect  .   (no cloak)
rCorr    +         Harm     .   i - +0 pair of gloves
MR       .....                  (no boots)
Stlth    ..........             m - amulet of magic regeneration
HPRegen  0.29/turn              c - +3 ring of evasion
MPRegen  0.39/turn              A - ring of poison resistance

@: berserking, resistant, flying, very quick
A: horns 2, repulsion field 1, cold resistance 1, demonic guardian 1, fire
resistance 1, wild magic 2
a: Minor Destruction, Renounce Religion


You were on level 9 of the Dungeon.
You worshipped Makhleb.
Makhleb was pleased with you.
You were not hungry.

You visited 2 branches of the dungeon, and saw 10 of its levels.
You also visited: Sewer.

You collected 541 gold pieces.
You spent 276 gold pieces at shops.

Inventory:

Hand Weapons
 a - a +1 war axe
 l - a +5 mace (weapon)
Armour
 b - a +0 scale mail (worn)
 i - a +0 pair of gloves (worn)
Jewellery
 c - a +3 ring of evasion (left hand)
 d - an uncursed amulet of harm {unknown}
 j - a +4 ring of dexterity
 m - an amulet of magic regeneration (around neck)
 q - an uncursed ring of positive energy
 y - an uncursed ring of wizardry
 A - a ring of poison resistance (right hand)
 K - an uncursed ring of magical power {unknown}
Wands
 z - a wand of random effects (16)
 C - a wand of flame (12)
 D - a wand of enslavement (9)
 G - a wand of acid (7)
Scrolls
 g - 2 scrolls of enchant weapon
 h - 5 scrolls of fear
 k - a scroll of immolation
 n - 4 scrolls of teleportation {unknown}
 o - 6 scrolls of remove curse
 p - a scroll of blinking {unknown}
 t - a scroll of fog {unknown}
 u - 2 scrolls of amnesia
 x - a scroll of noise {unknown}
 E - a scroll of enchant armour {unknown}
 I - 2 scrolls of random uselessness {unknown}
 J - a scroll of vulnerability {unknown}
 M - a scroll of silence {unknown}
Potions
 e - 4 potions of lignification
 r - a potion of flight
 s - a potion of resistance
 w - 3 potions of magic
 B - a potion of agility
 F - a potion of haste
 L - a potion of brilliance {unknown}
Comestibles
 f - 15 rations


   Skills:
 + Level 6.3 Fighting
 + Level 12.0 Axes
 + Level 5.8 Armour
   Level 2.6 Shields
 + Level 7.2 Invocations


You had 9 spell levels left.
You didn't know any spells.
Your spell library contained the following spells:

 Spells                   Type           Power        Failure   Level  Hunger
 Animate Skeleton         Necr           N/A          75%         1    ##.....
 Apportation              Tloc           #.....       75%         1    ##.....
 Confusing Touch          Hex            #.....       75%         1    ##.....
 Summon Small Mammal      Summ           #...         75%         1    ##.....
 Blink                    Tloc           N/A          87%         2    ###....
 Confuse                  Hex            #.......     97%         3    ####...
 Gell's Gravitas          Tloc           #.........   97%         3    ####...
 Portal Projectile        Hex/Tloc       #.....       97%         3    ####...
 Petrify                  Tmut/Erth      #.......     100%        4    #####..
 Metabolic Englaciation   Hex/Ice        #.........   100%        5    ######.
 Summon Forest            Summ/Tloc      #.........   100%        5    ######.
 Yara's Violent Unravell  Hex/Tmut       #.........   100%        5    ######.


Dungeon Overview and Level Annotations

Branches:
Dungeon (9/15)             Temple (1/1) D:7
   Lair: D:8-11         Orc: D:9-12

Altars:
Ashenzari
Cheibriados
Dithmenos
Elyvilon
Fedhas
Gozag
Hepliaklqana
Kikubaaqudgha
Makhleb
Nemelex Xobeh
Okawaru
Qazlal
Ru
Sif Muna
Trog
Uskayaw
Vehumet
Wu Jian
Xom
Yredelemnul
Zin
The Shining One
Beogh

Shops:
D:6 !

Annotations:
D:6 3 runed doors, btonasse's ghost, novice TeAE
D:7 2 runed doors


Innate Abilities, Weirdness & Mutations

You have a pair of horns on your head.
You are surrounded by a mild repulsion field. (EV +2)
A weak demonic guardian rushes to your aid.
Your flesh is heat resistant. (rF+)
Your flesh is cold resistant. (rC+)
Your spells are harder to cast, but more powerful.


Message History

Unknown command.
Your scale mail prevents you from hitting the lindwurm.
The lindwurm is severely wounded.
The lindwurm bites you!
* * * LOW HITPOINT WARNING * * *
The lindwurm claws you but does no damage.
The lindwurm closely misses you.
Unknown command.
It was a potion of berserk rage.
A red film seems to cover your vision as you go berserk!
You feel yourself moving faster!
You feel mighty! The lindwurm breathes flames at you.
The blast of flame misses you. The blast of flame hits your iron imp.
Your iron imp completely resists.
You hit the lindwurm but do no damage. You headbutt the lindwurm!
The lindwurm is almost dead.
The lindwurm bites you.
* * * LOW HITPOINT WARNING * * *
The lindwurm misses you. The lindwurm claws you!
You die...

#.# #.....##....§≈≈≈≈≈≈§≈........
#.# #.....#....§§§≈≈≈≈≈≈≈§§......
#.###.....#...≈§≈§≈≈§§≈§≈§§≈...#.
#............≈≈§§§≈≈§§≈≈§§§≈≈....
#............≈§§§§≈....§≈§≈≈≈....
#.#######..≈≈≈≈§§§..##...≈§≈≈≈...
#.# #..≈≈≈≈≈≈..####..≈≈≈≈≈§..
#.#######..§≈≈≈≈5.#. $.#.k≈≈≈≈§..
#.........§≈≈§≈§@## "(##.≈§≈≈§..
#.........§§§§≈≈k##$}|$##.≈≈≈≈§§.
#..........§≈≈≈§kk#.k?.#..≈≈§≈§§.
#.........§§§≈≈§≈k.## #..≈≈≈≈≈...
#.....#...§§§≈≈≈§...##...≈§≈≈≈..#
#..........§.≈§≈≈§≈....≈≈≈≈§≈...#
#...........§§§§≈§≈§§≈≈≈§≈≈≈≈....
#............§§§§§§≈≈≈≈≈≈≈≈§§..##
#..######.....§≈≈§≈§§≈≈≈§≈≈§.§...


You could see 4 lindwurms and a friendly iron imp.

Vanquished Creatures
  A great orb of eyes (D:8)
  A centaur warrior (D:8)
  The ghost of temitten the Carver, a novice NaFi of Cheibriados (D:8)
  Sigmund (D:6)
  A wyvern (D:8)
  A hungry ghost (D:7)
  Menkaure (D:6)
  A water moccasin (D:9)
  2 orc warriors (D:8)
  2 ice beasts
  4 centaurs
  7 ogres
  2 sky beasts
  A big kobold (Sewer)
  7 bullfrogs
  A wyvern zombie (D:6)
  A wyvern skeleton (D:7)
  A scorpion (D:4)
  4 crimson imps
  3 hounds
  A jelly (D:8)
  A bullfrog zombie (D:7)
  2 orc priests (D:8)
  A bullfrog skeleton (D:7)
  9 worker ants
  4 orc wizards
  Terence (D:2)
  A hound zombie (D:8)
  2 hound skeletons
  4 gnolls
  5 adders
  2 river rats (Sewer)
  An adder zombie (D:9)
  3 worms
  3 dart slugs
  6 leopard geckos
  24 orcs
  5 giant cockroaches
  6 goblins
  5 hobgoblins
  6 jackals
  5 quokkas
  2 ball pythons (D:3)
  A ball python skeleton (D:4)
  7 bats
  8 frilled lizards
  6 kobolds
  9 rats
173 creatures vanquished.

Vanquished Creatures (collateral kills)
  A two-headed ogre (D:8)
  A hungry ghost (D:9)
  A phantom (D:5)
  A centaur (D:7)
  A bullfrog (D:6)
  An orc priest (D:7)
  2 orc wizards (D:8)
  An iguana (D:7)
  An adder (D:7)
  4 orcs
14 creatures vanquished.

Grand Total: 187 creatures vanquished

Notes
Turn   | Place    | Note
-------+----------+-------------------------------------------
     0 | D:1      | HereIgoKillingAgain the Demonspawn Fighter began the quest
                  | for the Orb.
     0 | D:1      | Reached XP level 1. HP: 18/18 MP: 1/1
     8 | D:1      | Noticed a ghoul
     8 | D:1      | Noticed a troll
    10 | D:1      | Noticed a draconian
    10 | D:1      | Noticed a gargoyle
    12 | D:1      | Noticed a tengu
    12 | D:1      | Noticed a spriggan
    14 | D:1      | Noticed a vine stalker
    14 | D:1      | Noticed a vampire
    16 | D:1      | Noticed a formicid
    16 | D:1      | Noticed a felid
    18 | D:1      | Noticed a halfling
    20 | D:1      | Noticed a human
    20 | D:1      | Noticed a merfolk
    22 | D:1      | Noticed an elf
    24 | D:1      | Noticed an ogre
    24 | D:1      | Noticed a naga
    26 | D:1      | Noticed a centaur
    26 | D:1      | Noticed an octopode
    28 | D:1      | Noticed a demigod
    28 | D:1      | Noticed a dwarf
    30 | D:1      | Noticed a minotaur
    32 | D:1      | Noticed a demonspawn
    92 | D:1      | Found a glowing golden altar of the Shining One.
   119 | D:1      | Reached skill level 2 in Axes
   126 | D:1      | Gained mutation: Your flesh is heat resistant. (rF+)
                  | [demonic ancestry]
   126 | D:1      | Reached XP level 2. HP: 18/24 MP: 2/2
   667 | D:2      | Reached skill level 3 in Axes
   698 | D:2      | Found a shimmering altar of Xom.
   699 | D:2      | Found a shimmering altar of Xom.
   809 | D:2      | Found a shimmering altar of Xom.
   809 | D:2      | Found a shimmering altar of Xom.
   809 | D:2      | Found a shimmering altar of Xom.
   809 | D:2      | Found a shimmering altar of Xom.
   810 | D:2      | Found a shimmering altar of Xom.
   818 | D:2      | Found a shimmering altar of Xom.
   818 | D:2      | Found a shimmering altar of Xom.
   818 | D:2      | Found a shimmering altar of Xom.
   822 | D:2      | Reached XP level 3. HP: 29/29 MP: 3/3
   829 | D:2      | Found a shimmering altar of Xom.
   924 | D:2      | Noticed Terence
   932 | D:2      | Killed Terence
  1058 | D:2      | Found a hazy altar of Hepliaklqana.
  1227 | D:2      | Reached XP level 4. HP: 35/35 MP: 4/4
  1230 | D:2      | Reached skill level 4 in Axes
  1389 | D:3      | Found a glowing drain.
  1406 | Sewer    | Entered a sewer
  1667 | Sewer    | Noticed a big kobold
  1713 | Sewer    | Killed a big kobold
  1713 | Sewer    | Reached skill level 5 in Axes
  1713 | Sewer    | Reached XP level 5. HP: 34/41 MP: 5/5
  1760 | Sewer    | Found a white marble altar of Elyvilon.
  1977 | D:3      | Noticed an ogre
  1985 | D:3      | Killed an ogre
  1985 | D:3      | Gained mutation: A weak demonic guardian rushes to your
                  | aid. [demonic ancestry]
  1985 | D:3      | Reached XP level 6. HP: 23/47 MP: 6/6
  2201 | D:3      | Found a shattered altar of Ashenzari.
  2306 | D:3      | Noticed a sky beast
  2317 | D:3      | Killed a sky beast
  2317 | D:3      | Reached skill level 6 in Axes
  3561 | D:4      | Reached skill level 7 in Axes
  3561 | D:4      | Gained mutation: You have a pair of small horns on your
                  | head. [demonic ancestry]
  3561 | D:4      | Reached XP level 7. HP: 43/52 MP: 7/7
  3568 | D:4      | Found a sparkling altar of Nemelex Xobeh.
  3570 | D:4      | Found an iron altar of Okawaru.
  3573 | D:4      | Found a deep blue altar of Sif Muna.
  3575 | D:4      | Found an ornate altar of the Wu Jian Council.
  3701 | D:5      | Entered Level 5 of the Dungeon
  4054 | D:5      | Reached skill level 8 in Axes
  4440 | D:5      | Found a bloodstained altar of Trog.
  4570 | D:6      | Found Nelynk's Distillery.
  4573 | D:6      | Bought a potion of heal wounds for 60 gold pieces
  4573 | D:6      | Bought a potion of heal wounds for 60 gold pieces
  4573 | D:6      | Bought a potion of haste for 120 gold pieces
  4573 | D:6      | Bought a potion of lignification for 36 gold pieces
  4584 | D:6      | Noticed Menkaure
  4590 | D:6      | Killed Menkaure
  4896 | D:6      | Noticed Sigmund
  4930 | D:6      | Killed Sigmund
  4930 | D:6      | Reached skill level 9 in Axes
  4930 | D:6      | Gained mutation: You have a pair of horns on your head.
                  | [demonic ancestry]
  4930 | D:6      | Reached XP level 8. HP: 26/58 MP: 8/8
  5304 | D:6      | Reached skill level 10 in Axes
  5536 | D:6      | Found a stormy altar of Qazlal.
  5568 | D:6      | Found a runed gate.
  5568 | D:6      | Noticed btonasse's ghost (novice TeAE)
  5569 | D:6      | Found a runed gate.
  5587 | D:6      | Found a runed gate.
  5587 | D:6      | Found a roughly hewn altar of Beogh.
  5955 | D:7      | Found a runed door.
  6063 | D:7      | Gained mutation: You are surrounded by a mild repulsion
                  | field. (EV +2) [demonic ancestry]
  6063 | D:7      | Reached XP level 9. HP: 48/63 MP: 9/9
  6225 | D:7      | Found a staircase to the Ecumenical Temple.
  6232 | D:7      | Reached skill level 11 in Axes
  6238 | Temple   | Entered the Ecumenical Temple
  6633 | Temple   | Became a worshipper of Makhleb the Destroyer
  6806 | D:7      | Found a runed door.
  6841 | D:7      | Found a glowing silver altar of Zin.
  6880 | D:7      | Found an opulent altar of Gozag.
  6979 | D:7      | Reached skill level 1 in Invocations
  7297 | D:8      | Reached * piety under Makhleb
  7299 | D:8      | Gained mutation: Your flesh is cold resistant. (rC+)
                  | [potion of mutation]
  7299 | D:8      | Gained mutation: Your spells are a little harder to cast,
                  | but a little more powerful. [potion of mutation]
  7299 | D:8      | Gained mutation: Your spells are harder to cast, but more
                  | powerful. [potion of mutation]
  7526 | D:8      | Noticed a centaur warrior
  7563 | D:8      | Killed a centaur warrior
  8136 | D:8      | Noticed a two-headed ogre
  8143 | D:8      | Killed a two-headed ogre
  8143 | D:8      | Reached skill level 5 in Fighting
  8143 | D:8      | Reached skill level 5 in Invocations
  8143 | D:8      | Reached XP level 10. HP: 51/74 MP: 13/13
  8832 | D:8      | Found a runed door.
  8833 | D:8      | Noticed temitten's ghost (novice NaFi)
  8834 | D:8      | Noticed a great orb of eyes
  8968 | D:8      | Killed temitten's ghost
  8968 | D:8      | Reached skill level 5 in Armour
  8977 | D:8      | Killed a great orb of eyes
  8985 | D:8      | Identified the Grimoire of the Traveller
  9442 | D:9      | Noticed a lindwurm
  9442 | D:9      | Noticed a lindwurm
  9772 | D:9      | Reached ** piety under Makhleb
  9778 | D:9      | Reached skill level 12 in Axes
  9914 | D:9      | Noticed a lindwurm
  9917 | D:9      | Noticed a lindwurm
  9938 | D:9      | Slain by a lindwurm

Vault maps used:
D:1:      kb_arrival_jail, tso_metal_star
D:2:      xom_redecorated, overflow_temple_1_default, uniq_terence
D:3:      nicolae_overflow_crystal_walls, cheibrodos_sewer_entry_sluice
D:4:      minitemple, first_ration
D:5:      lemuel_upstairs_altar, trog_butcher_becter
D:6:      old_standard_altar, serial_shops, nicolae_shop_behind_doors,
          biasface_ghost_orc_armoury, uniq_sigmund, uniq_menkaure
D:7:      lemuel_insect_pit, nicolae_gozag_cash_rules_everything_around_me,
          overflow_temple_1_default, minmay_temple_entry_arrows,
          kennysheep_doodads
D:8:      minmay_chambers_of_fours, ebering_ghost_inner_flame
D:9:      minmay_misc_feat_enclosed, minmay_lindwurm_lava
Temple:   minmay_temple_forest_path
Sewer:    sewer_kobolds

Skill      XL: |  1  2  3  4  5  6  7  8  9 10 |
---------------+-------------------------------+-----
Axes           | 2 3 5 7 9 10 11 12 | 12.0
Invocations    | 5 7 |  7.2
Armour         | 4 5 |  5.8
Fighting       | 5 6 |  6.3
Shields        | |  2.6

Action                   |  1- 3 |  4- 6 |  7- 9 | 10-12 || total
-------------------------+-------+-------+-------+-------++-------
Melee: War axe           |    37 |       |       |       ||    37
       Mace              |    36 |   133 |   313 |   102 ||   584
       Headbutt          |       |       |    57 |    19 ||    76
Evoke: Wand              |       |       |       |     4 ||     4
  Use: Scroll            |     4 |       |     9 |       ||    13
       Potion            |       |       |     5 |    10 ||    15
 Stab: Distracted        |       |       |       |     1 ||     1
  Eat: Chunk             |       |     4 |     9 |     2 ||    15
       Ration            |       |     1 |     3 |     2 ||     6
Armor: Scale mail        |    32 |    55 |   102 |    49 ||   238
Dodge: Dodged            |    46 |   119 |   195 |   105 ||   465

Table legend:
 A = Non-vault XP
 B = Vault XP
 C = Vault XP percentage of total XP
 D = Non-vault monster count
 E = Vault monster count
 F = Vault count percentage of total count
                 A         B        C        D         E       F
            +---------+---------+-------+---------+---------+-------
      Total |    5646 |    3714 |  39.7 |     159 |      28 |  15.0
            +---------+---------+-------+---------+---------+-------
        D:1 |      17 |       0 |   0.0 |       9 |       0 |   0.0
        D:2 |      54 |      32 |  37.2 |      20 |       1 |   4.8
        D:3 |     296 |       3 |   1.0 |      21 |       2 |   8.7
        D:4 |     222 |       0 |   0.0 |       8 |       0 |   0.0
        D:5 |     473 |       6 |   1.3 |      10 |       4 |  28.6
        D:6 |     628 |     384 |  37.9 |      14 |       2 |  12.5
        D:7 |    1003 |       0 |   0.0 |      31 |       0 |   0.0
        D:8 |    1951 |    3155 |  61.8 |      33 |       8 |  19.5
        D:9 |    1002 |       0 |   0.0 |      13 |       0 |   0.0
      Sewer |       0 |     134 | 100.0 |       0 |      11 | 100.0
            +---------+---------+-------+---------+---------+-------
